AoeStats
← LM | TornardoBriese

Arabia

505906190Analyzed
1v1 RM · 20d ago on Sep 11, 2026· 43m 55s· 2 players
Game mode
Random Map
Map size
Tiny (2 player)
Population
200
Speed
Normal
Resources
Standard
Victory
Conquest
Starting age
Dark Age
Ending age
Imperial Age
RankedLock teamsTeams togetherTeam positionsShared explorationLock speedFull tech treeHidden civsTurbo modeCheats
Victory
Defeat
🇺🇸 Gurjaras · United States
1137
+17
🇨🇭 Magyars · Switzerland
1151
-17
Fiore del parmigiano
6:58 Loom
9:08 Feudal Age
9:55 Double-Bit Axe
20:10 Castle Age
19:45 Horse Collar
21:30 Bloodlines
21:20 Husbandry
21:24 Gold Mining
28:43 Imperial Age
27:03 Wheelbarrow
28:09 Hand Cart
29:48 Bow Saw
30:59 Scale Barding Armor
31:04 Forging
31:06 Fletching
32:38 Elite Shrivamsha Rider
35:19 Chain Barding Armor
39:23 Plate Barding Armor
39:24 Iron Casting
39:10 Bodkin Arrow
38:40 Heavy Camel Rider
43:38 Bracer
LM | TornardoBriese
5:46 Loom
6:53 Loom
10:18 Feudal Age
17:27 Wheelbarrow
17:00 Double-Bit Axe
21:43 Castle Age
20:13 Fletching
20:54 Padded Archer Armor
21:01 Horse Collar
22:42 Bow Saw
22:41 Bodkin Arrow
26:56 Ballistics
31:28 Thumb Ring
31:46 Pikeman
37:20 Imperial Age
35:04 Scale Barding Armor
35:18 Bloodlines
36:38 Corvinian Army
36:59 Chain Barding Armor
36:55 Leather Archer Armor
36:43 Husbandry
39:18 Gold Mining
39:00 Cavalier
39:05 Light Cavalry
41:24 Bracer
Connection lost

Rejoining the realm…

Still unreachable

The connection could not be restored.

Session expired

The server has moved on; the page needs a fresh start.